cohdb
Replays
Latest Replays
All Replays
Popular Replays
Top Player Replays
Match Explorer
How It Works
Community
CoH3 Stats
Reddit
Sign in to upload your games and track your stats! →
Sign in with Steam
Match 44251017
Unlisted
Match 44251017
Overview
Messages
Build Orders
End
Construct Barracks
Selects Armored Battlegroup
Selects Armored Battlegroup
Selects Armored Battlegroup
Selects Veteran Crews
1⁄4-ton 4x4 Truck
Riflemen Squad
Riflemen Squad
Riflemen Squad
Mechanized Support Center
Grenade Package
Construct Medical Station
Construct Motor Pool
M8 Greyhound Armored Car
M1 Anti-tank Gun Team
M1918 Browning Automatic Rifles
Engineer Squad
Selects Strength in Steel
Selects Field Repairs
Construct Tank Depot
.30 cal Machine Gun
M4A1 Sherman Medium Tank
M4A1 76mm Conversion
Selects Seek and Destroy
Selects War Machine
AceRobby
Gwangju's Hero Chun Doo-gwang
freedman1984
LegendaireNic
Starfucker
Arnie
Maniax
Calm
0
0
Comments
sign in to comment!
No comments posted yet!